 Dungeon Crawl Stone Soup version 0.30-a0-777-ga9a30cbeda (webtiles) character file.

Game seed: 16234180298114774404

961 jimonade the Cudgeller (level 8, -1/80 HPs)
             Began as an Ogre Warper on Feb 13, 2023.
             Slain by a lemure (3 damage)
             ... led by Pikel
             ... on level 4 of the Dungeon.
             The game lasted 00:12:11 (7678 turns).

jimonade the Cudgeller (Ogre Warper)                Turns: 7678, Time: 00:12:12

Health: -1/80      AC:  5    Str: 24    XL:     8   Next: 15%
Magic:  11/11      EV: 10    Int: 14    God:
Gold:   255        SH:  0    Dex:  8    Spells: 12/12 levels left

rFire   . . .      SeeInvis .    a - +0 morningstar
rCold   . . .      Faith    .    (no shield)
rNeg    . . .      Spirit   .    C - +0 animal skin
rPois   .          Reflect  .    (helmet restricted)
rElec   .          Harm     .    n - +1 cloak
rCorr   .          Rampage  .    (gloves unavailable)
Will    .....                    (boots unavailable)
Stlth   +                        (no amulet)
HPRegen 0.33/turn                p - +6 ring of strength
MPRegen 0.12/turn                (no ring)

@: no status effects
A: large, unfitting armour, tough skin 1
a: no special abilities


You were on level 4 of the Dungeon.
You visited 2 branches of the dungeon, and saw 6 of its levels.

You collected 255 gold pieces.

Inventory:

Hand Weapons
 a - a +0 morningstar (weapon)
 b - a +0 sling
 s - a +0 whip
 w - a +0 mace
 x - a +0 giant club
Missiles
 d - 7 boomerangs of dispersal
 u - 4 poisoned darts (quivered)
 v - 16 stones
 A - a boomerang
Armour
 n - a +1 cloak (worn)
 q - a +0 robe
 C - a +0 animal skin (worn)
Jewellery
 p - a +6 ring of strength (left hand)
Scrolls
 c - 2 scrolls of blinking
 g - a scroll of immolation {unknown}
 i - a scroll of teleportation
 m - a scroll of enchant armour
Potions
 e - 2 potions of berserk rage
 f - a potion of magic {unknown}
 h - a potion of invisibility
 k - 3 potions of flight
 o - a potion of heal wounds {unknown}
 r - 2 potions of brilliance
 t - a potion of curing
 z - a potion of attraction {unknown}
 B - a potion of might {unknown}


   Skills:
 + Level 5.1 Fighting
 * Level 6.7 Maces & Flails
 + Level 1.5 Throwing
 + Level 3.8 Dodging
 + Level 1.0 Stealth
 + Level 2.5 Spellcasting
 + Level 3.0 Translocations


You had 12 spell levels left.
You didn't know any spells.
Your spell library contained the following spells:

 Spells                   Type           Power      Damage    Failure   Level
 Blink                    Tloc           20%        N/A       10%         2
 Lesser Beckoning         Tloc           20%        N/A       10%         2
 Gell's Gravitas          Tloc           10%        N/A       19%         3
 Teleport Other           Tloc           10%        N/A       19%         3
 Cigotuvi's Dreadful Rot  Necr/Pois/Air  2%         N/A       34%         2
 Ensorcelled Hibernation  Hex/Ice        2%         N/A       34%         2
 Poisonous Vapours        Pois/Air       2%         N/A       34%         2
 Vhi's Electric Charge    Tloc/Air       12%        N/A       34%         3
 Manifold Assault         Tloc           10%        N/A       54%         4
 Mephitic Cloud           Conj/Pois/Air  1%         N/A       56%         3
 Ozocubu's Armour         Ice            1%         N/A       56%         3
 Spider Form              Tmut/Pois      1%         N/A       56%         3
 Anguish                  Hex/Necr       0%         N/A       92%         4
 Ozocubu's Refrigeration  Ice            0%         4d7       100%        7


Dungeon Overview and Level Annotations

Branches:
Dungeon (5/15)             Temple (1/1) D:4

Altars:
Dithmenos
Elyvilon
Fedhas
Hepliaklqana
Kikubaaqudgha
Makhleb
Nemelex Xobeh
Qazlal
Ru
Sif Muna
Trog
Vehumet
Wu Jian
Xom
Yredelemnul
The Shining One


Innate Abilities, Weirdness & Mutations

You are too large for most types of armour.
You have tough skin. (AC +1)


Message History

The lemure hits you. The lemure barely misses you.
You puncture the lemure!
You kill the lemure!
That felt strangely unrewarding.
The lemure barely misses you.
You barely miss the lemure. The lemure hits you.
You hit the lemure.
The lemure is lightly wounded.
The lemure hits you but does no damage. The lemure hits you!
* * * LOW HITPOINT WARNING * * *
You hit the lemure but do no damage.
The lemure is lightly wounded.
The lemure hits you!
* * * LOW HITPOINT WARNING * * *
You closely miss the lemure.
The lemure is lightly wounded.
The lemure hits you but does no damage.
You hit the lemure but do no damage.
The lemure is lightly wounded.
The lemure barely misses you.
You barely miss the lemure.
The lemure is lightly wounded.
The lemure hits you!
* * * LOW HITPOINT WARNING * * *
You hit the lemure but do no damage. The lemure hits you.
* * * LOW HITPOINT WARNING * * *
You barely miss the lemure.
The lemure hits you but does no damage. x2
You closely miss the lemure. The lemure barely misses you.
You barely miss the lemure. The lemure hits you.
* * * LOW HITPOINT WARNING * * *
You hit the lemure.
The lemure is moderately wounded.
The lemure closely misses you.
You closely miss the lemure.
The lemure is moderately wounded.
The lemure hits you.
* * * LOW HITPOINT WARNING * * *
You barely miss the lemure.
The lemure is lightly wounded.
The lemure hits you.
You die...

######## .......#
.......###########
..#............5@#
.......#########)#
..#..#.# #.#
#...##.# #.#
######.# #.# #.#
#.# ### #.# #.#
..# #.# #.# ..#
#.# #.#


You could see a lemure.

Vanquished Creatures
  A black bear (D:4)
  2 ogres
  A lemure (D:4)
  A necrophage (D:4)
  A gnoll sergeant (D:5)
  2 scorpions
  2 hounds
  3 orc priests
  3 iguanas
  An orc wizard (D:4)
  Robin (D:4)
  2 adders
  7 gnolls
  An ufetubus (D:3)
  A worm (D:3)
  2 dart slugs
  9 orcs
  8 bats
  6 endoplasms
  7 giant cockroaches
  10 goblins
  10 hobgoblins
  4 jackals
  4 quokkas
  3 ball pythons
  8 frilled lizards
  4 kobolds
  2 rats (D:3)
106 creatures vanquished.

Notes
Turn   | Place    | Note
-------+----------+-------------------------------------------
     0 | D:1      | jimonade the Ogre Warper began the quest for the Orb.
     0 | D:1      | Reached XP level 1. HP: 22/22 MP: 3/3
   179 | D:1      | Reached skill level 2 in Maces & Flails
   179 | D:1      | Reached XP level 2. HP: 28/29 MP: 5/5
   491 | D:1      | Reached XP level 3. HP: 32/36 MP: 6/6
   789 | D:1      | Found a faded altar of an unknown god.
   789 | D:1      | Noticed a shadow demon
  2479 | D:3      | Found a white marble altar of Elyvilon.
  2646 | D:3      | Reached XP level 4. HP: 20/45 MP: 7/7
  3214 | D:2      | Reached skill level 3 in Maces & Flails
  3607 | D:3      | Found a stormy altar of Qazlal.
  3770 | D:3      | Found an ancient bone altar of Kikubaaqudgha.
  3867 | D:3      | Reached XP level 5. HP: 53/53 MP: 8/8
  4206 | D:4      | Found a sparkling altar of Nemelex Xobeh.
  4276 | D:4      | Noticed an ogre
  4285 | D:4      | Killed an ogre
  4286 | D:4      | Reached skill level 4 in Maces & Flails
  4357 | D:4      | Noticed a black bear
  4376 | D:4      | Killed a black bear
  4377 | D:4      | Reached XP level 6. HP: 12/62 MP: 9/9
  4655 | D:4      | Found a staircase to the Ecumenical Temple.
  4701 | Temple   | Entered the Ecumenical Temple
  5260 | D:4      | Reached skill level 5 in Maces & Flails
  5260 | D:4      | Reached XP level 7. HP: 48/69 MP: 10/10
  5710 | D:4      | Noticed Robin
  5736 | D:4      | Killed Robin
  6138 | D:5      | Entered Level 5 of the Dungeon
  6497 | D:5      | Reached skill level 6 in Maces & Flails
  6587 | D:5      | Found a shimmering blue altar of Sif Muna.
  7178 | D:5      | Reached skill level 1 in Stealth
  7178 | D:5      | Reached XP level 8. HP: 54/79 MP: 11/11
  7179 | D:5      | Reached skill level 5 in Fighting
  7675 | D:4      | HP: 4/80 [lemure[Pikel] (5)]
  7678 | D:4      | Slain by a lemure

Illustrated notes

Levels and vault maps discovered:
D:1:      evilmike_arrival_plus, layout_basic,
          dreamdust_ecumenical_altar_sealed_demon, st_stairs_5
D:2:      minmay_chambers_of_twos, layout_basic, chequers_serial_rivers_micro_c,
          corexii_hall_statues_i
D:3:      layout_rooms, mainiacjoe_overflow_24_doors, kiku_gazebo_pond_becter,
          mainiacjoe_overflow_six_doors_small, kennysheep_generic_room_8
D:4:      layout_basic, nemelex_spade_bored_becter, temple_hall_moat,
          kennysheep_small_spiral, minmay_misc_feat_five, uniq_robin
D:5:      layout_rooms, kennysheep_little_box, uniq_duvessa, uniq_pikel
Temple:   chequers_temple_sunken

Skill      XL: |  1  2  3  4  5  6  7  8 |
---------------+-------------------------+-----
Maces & Flails | 2 3 4 5 6 |  6.7
Translocations | 3 |  3.0
Fighting       | 3 4 5 |  5.1
Dodging        | 3 |  3.8
Stealth        | 1 |  1.0
Throwing       | |  1.5
Spellcasting   | |  2.5

Action                     |  1- 3 |  4- 6 |  7- 9 || total
---------------------------+-------+-------+-------++-------
  Melee: Mace              |   151 |    56 |       ||   207
         Punch             |     3 |       |     2 ||     5
         Morningstar       |       |    51 |   128 ||   179
  Throw: Dart              |       |     7 |     9 ||    16
    Use: Scroll            |       |       |    11 ||    11
   Stab: Sleeping          |     1 |       |     1 ||     2
 Armour: Robe              |    82 |    23 |     5 ||   110
         Animal skin       |       |       |    30 ||    30
  Dodge: Dodged            |    89 |    60 |    77 ||   226

Table legend: (Time is in decaauts)
 A = Elapsed time spent in this place.
 B = Non-inter-level travel time spent in this place.
 C = Inter-level travel time spent in this place.
 D = Time resting spent in this place.
 E = Time spent auto-exploring this place.
 F = Levels seen in this place.
 G = Mean time per level.
                   A        B        C        D        E       F      G
               +--------+--------+--------+--------+--------+-----+--------+
         Total |   7786 |   7305 |    481 |   1918 |   4000 |   6 | 1297.7 |
       Dungeon |   7614 |   7155 |    459 |   1918 |   3857 |   5 | 1522.8 |
        Temple |    171 |    149 |     22 |      0 |    143 |   1 |  171.0 |
               +--------+--------+--------+--------+--------+-----+--------+

Top non-repeatable levels by time:
     D:4: 2689 daAuts
     D:2: 2069 daAuts
     D:1: 1162 daAuts
     D:3: 990 daAuts
     D:5: 701 daAuts
  Temple: 171 daAuts
